[Event "*** Titled Tuesday Blitz"]
[Site "Chess.com"]
[Date "2020.05.05"]
[Round "5"]
[White "ShahMatKanal"]
[Black "gurelediz"]
[Result "1/2-1/2"]
[WhiteElo "2410"]
[BlackElo "2568"]
[TimeControl "180+1"]
[EndTime "10:59:52 PDT"]
[Termination "Game drawn - insufficient material"]

1. d4 Nf6 2. c4 e6 3. a3 a5 4. Nc3 d5 5. cxd5 exd5 6. Bg5 Be7 7. e3 O-O 8. Bd3 c6 9. Nge2 h6 10. Bh4 Na6 11. Qc2 Nc7 12. O-O Ne6 13. Rab1 Bd7 14. b4 axb4 15. axb4 Ra3 16. Rb3 Rxb3 17. Qxb3 Qb6 18.
Rb1 Ra8 19. h3 Qa7 20. b5 Qa3 21. bxc6 Bxc6 22. Nb5 Qxb3 23. Rxb3 Ra1+ 24. Kh2 Ng4+ 25. hxg4 Bxh4 26. g3 Be7 27. Nf4 Ng5 28. Nc3 Nf3+ 29.
Kh3 Rg1 30. Nce2 Ra1 31. Bb5 Nd2 32. Rb2 Ne4 33. Kg2 g5 34. Nd3 Bd6 35. Bxc6 bxc6 36. Rc2 Ra3 37. Ne1 Ra6 38. Nf3 c5 39.
dxc5 Bxc5 40. Ned4 Bf8 41. Rb2 Rf6 42. Nf5 Nd6 43.
N3d4 Nxf5 44. Nxf5 Rc6 45. Rb8 Re6 46. Kf3 f6 47.
Nxh6+ Kg7 48. Nf5+ Kf7 49. Ke2 Re4 50. Rb7+ Kg8 51. Kd3 Rxg4 52. Rb8 Kf7 53. Rd8 Ra4 54. Rxd5 Ke6 55. e4 Ra3+ 56. Ke2 Ra2+ 57. Kf3 Ra3+ 58. Ne3 Ra2 59. Rf5 Be7 60. Nd5 Bd8 61. Kg4 Re2 62. f3 Re1 63. Kh5 Kf7 64. Kg4 Kg6 65. Nc3 Re3 66. Nd5 Re1 67. Nc3 Bc7 68. Nd5 Be5 69. Ne7+ Kf7 70. Nc6 Ba1 71. e5 Rc1 72. Rxf6+ Kg7 73.
Nd4 Bxd4 74. Kxg5 Bxe5 75. Rg6+ Kf7 76. Ra6 Bg7 77. Ra7+ Kg8 78. f4 Rc6 79. f5 Bf8 80. g4 Be7+ 81. Kh5 Bf8 82. g5 Rc1 83. Kg6 Rc6+ 84. f6 Rb6 85. Rh7 Ba3 86. Rh3 Bf8 87. Rd3 Rc6 88. Re3 Rd6 89. Rf3 Rc6 90. Re3 Rb6 91.
Kf5 Rb5+ 92. Kg6 Rb6 93. Re8 Ra6 94. Kh5 Kf7 95. Rc8 Ra7 96. g6+ Kxf6 97. Rxf8+ Kg7 98. Rf5 Rb7 99. Rf7+ Rxf7 100. gxf7 Kxf7 1/2-1/2

[Event "*** Titled Tuesday Blitz"]
[Site "Chess.com"]
[Date "2020.05.05"]
[Round "5"]
[White "fmshawnrl123"]
[Black "Vaathi_Coming"]
[Result "1/2-1/2"]
[WhiteElo "2704"]
[BlackElo "2844"]
[TimeControl "180+1"]
[EndTime "10:59:59 PDT"]
[Termination "Game drawn by agreement"]

1. c4 Nf6 2. g3 e6 3. Bg2 d5 4. Nf3 Be7 5. O-O O-O 6. b3 d4 7. Bb2 c5 8. b4 Nc6 9. bxc5 e5 10. d3 a5 11. Nbd2 Bxc5 12. Ng5 Re8 13. Nge4 Nxe4 14.
Nxe4 Bf8 15. c5 f5 16. Nd6 Bxd6 17. cxd6 Qxd6 18. Qa4 Be6 19. Ba3 Qd7 20. Rab1 Bxa2 21. Rxb7 Qxb7 22. Bxc6 Bb3 23. Bxb7 Bxa4 24. Bd5+ Kh8 25.
Bxa8 Rxa8 26. Bd6 e4 27. Be5 exd3 28. exd3 Bc2 29. Rc1 Bxd3 30. Rc7 Rg8 31. Ra7 Bc2 32. Bxd4 a4 33. h4 h6 34. h5 Bd1 35. Kg2 Bxh5 36.
Rxa4 Rd8 37. Be5 Rd7 38. Rh4 Bf7 39. Rxh6+ Kg8 40. Rd6 Rb7 41. Rd8+ Kh7 42. Rd4 Rb5 43. Rh4+ Kg8 44. Bd4 Bd5+ 45. Kf1 Bf3 46. Ke1 Bg4 47. Kd2 Rb3 48. Rh1 Bf3 49. Ra1 Be4 50. Bc3 Rb7 51. Ra5 Rd7+ 52. Kc1 Kf7 53. Rc5 Ke6 54. Bd2 g6 55. Bf4 Kf6 56. Be5+ Kg5 57. Bf4+ Kg4 58. Rc3 Kh3 59. Bg5 Kg2 60. Be3 Kf1 61. Kb2 Ke2 62. Kb3 Rb7+ 63. Ka4 Rd7 64. Kb4 Rb7+ 65. Kc5 Rd7 66.
Rc4 Rd1 67. Rd4 Rb1 68. Kd6 Kf3 69. Ke5 Rb5+ 70. Kf6 Rb3 71. Ke7 Rc3 72. Rd6 Rc7+ 73. Kf6 g5 74. Kxg5 Rc6 75. Rxc6 Bxc6 76. Kxf5 Bd7+ 77.
Ke5 Bg4 78. Ba7 Bh3 79. Kf6 Bg4 80. Kg5 Bh3 81. Kh4 Bg4 82. Be3 Bf5 83. Kg5 Bg4 84. Kf6 Bh3 85. Ke5 Bg4 86. Kd4 Bh3 87. Kd3 Bg4 88.
Kd2 Bh3 89. Ke1 Bf5 90. Kf1 Kg4 91. Kg1 Be4 92. Kf1 Bf3 93. Ke1 Kf5 94. Kd2 Kg4 95. Kc3 Bg2 96. Kd4 Bf3 97. Ke5 Bg2 98. Bb6 Bf3 99.
Bc7 Bd1 100. Kd4 Bf3 101. Ke3 Bd5 102. Bb8 Bc6 103. f4 Kxg3 104. f5+ Kg4 105. f6 Bd5 106. Kd4 Bf7 107. Ke5 Kg5 108. Ba7 Kg6 109. Be3 Bg8 110. Bf2 Kf7 111. Bh4 Bh7 112. Kd6 Bg6 113. Bg5 Bh5 114. Ke5 Bg6 115. Bf4 Bh7 1/2-1/2

[Event "*** Titled Tuesday Blitz"]
[Site "Chess.com"]
[Date "2020.05.05"]
[Round "5"]
[White "Maksimus1998"]
[Black "floplover"]
[Result "1-0"]
[WhiteElo "2474"]
[BlackElo "2272"]
[TimeControl "180+1"]
[EndTime "11:00:07 PDT"]
[Termination "Maksimus1998 won on time"]

1. c4 Nf6 2. Nc3 e6 3. e4 d5 4. cxd5 exd5 5. e5 Ne4 6. d4 Nxc3 7. bxc3 c5 8. Bd3 Nc6 9. Ne2 Be7 10. O-O O-O 11.
Rb1 c4 12. Bc2 a6 13. Be3 b5 14. Ng3 Rb8 15. f4 a5 16. f5 Bg5 17. Bxg5 Qxg5 18.
f6 gxf6 19. exf6 Bg4 20. Qc1 Qxc1 21. Rfxc1 b4 22. Ba4 Rfc8 23. h3 Bd7 24. Bxc6 Rxc6 25. Nh5 Rcb6 26. Nf4 Be6 27. Kf2 bxc3 28. Rxb6 Rxb6 29.
Ke3 Rb2 30. a3 Rb3 31. a4 Rb4 32. Ne2 Rxa4 33. Nxc3 Rb4 34. Ra1 Rb3 35. Kd2 Rb2+ 36.
Ke3 Rxg2 37. Rxa5 Rg3+ 38. Kd2 h6 39. Nxd5 Rd3+ 40. Ke2 Rxd4 41. Ne7+ Kh7 42. Rc5 Rf4 43. Ke3 Rxf6 44. Rc7 Rf1 45. Nc6 Rh1 46. Ne5 Rxh3+ 47.
Kf4 Kg7 48. Nc6 Rd3 49. Ke5 c3 50. Nd4 Re3+ 51. Kf4 Rd3 52. Nxe6+ Kf6 53. Nc5 Rd1 54. Ne4+ Ke6 55. Rc6+ Kd7 56. Rxc3 Rd4 57. Ke5 Rd1 58. Rh3 h5 59. Rxh5 Ra1 60. Rh7 Ke7 61. Rh8 Ra5+ 62. Kf4 Ra1 63. Rb8 Ra2 64. Rb7+ Ke6 65. Ng5+ Kd6 66. Nxf7+ Kc6 67. Re7 Ra4+ 68. Kf5 Ra5+ 69.
Ne5+ Kd6 70. Rd7+ Kc5 71. Rd8 Kb4 72. Ke4 Ra1 73. Kd4 Rd1+ 74. Nd3+ Kb5 75. Rc8 Ka6 76.
Rb8 Rh1 77. Kc4 Ka7 78. Rb2 Rh4+ 79. Kd5 Rh3 80. Ne5 Rh5 81. Kd6 Rh6+ 82. Kc7 Rh7+ 83. Nd7 Ka6 84. Kc6 Ka5 85. Nb6 Rh6+ 86. Kc5 Rh5+ 87. Nd5 Ka6 88. Rd2 Kb7 89. Kd6 Rh6+ 90. Kc5 Rh5 91. Rb2+ Kc8 92. Rb6 Rg5 93. Rh6 Rg1 94.
Kd6 Rd1 95. Rh7 Kb8 96. Rd7 Rc1 97. Nb4 Rd1+ 98. Nd5 Rc1 99. Re7 Rd1 100. Kc6 Rc1+ 101. Kd7 Rd1 102. Re5 Rc1 103. Ne7 Rd1+ 104. Kc6 Rc1+ 105. Kd6 Rd1+ 106. Nd5 Kb7 107. Re7+ Kb8 108. Re8+ Kb7 109. Re4 Rc1 110. Rb4+ Kc8 111. Ne7+ Kd8 112. Rb8+ 1-0

[Event "*** Titled Tuesday Blitz"]
[Site "Chess.com"]
[Date "2020.05.05"]
[Round "6"]
[White "wonderfultime"]
[Black "Grischuk"]
[Result "1/2-1/2"]
[WhiteElo "2933"]
[BlackElo "3118"]
[TimeControl "180+1"]
[EndTime "11:01:53 PDT"]
[Termination "Game drawn by repetition"]

1. d4 Nf6 2. Nf3 g6 3. Bg5 Bg7 4. Nbd2 d5 5. c3 O-O 6. e3 c5 7.
Bd3 h6 8. Bh4 Qb6 9. Rb1 cxd4 10. exd4 Qe6+ 11. Be2 Qb6 12. Bd3 Qe6+ 13. Be2 Qb6 14.
Bd3 1/2-1/2

[Event "*** Titled Tuesday Blitz"]
[Site "Chess.com"]
[Date "2020.05.05"]
[Round "6"]
[White "Natalya_Buksa"]
[Black "InitiatingASC"]
[Result "1-0"]
[WhiteElo "2492"]
[BlackElo "2320"]
[TimeControl "180+1"]
[EndTime "11:02:13 PDT"]
[Termination "Natalya_Buksa won by resignation"]

1. d4 d5 2. Nc3 Nf6 3. Bf4 Bf5 4.
e3 c6 5. f3 e6 6. g4 Bg6 7. h4 h6 8. Bd3 Bd6 9. Bxg6 fxg6 10.
Nge2 Qc7 11. Qd3 Kf7 12. Bxd6 Qxd6 13. Nf4 Re8 14. Qxg6+ Kg8 15. g5 1-0

[Event "*** Titled Tuesday Blitz"]
[Site "Chess.com"]
[Date "2020.05.05"]
[Round "6"]
[White "Megagigahiper3345"]
[Black "bakki78"]
[Result "1-0"]
[WhiteElo "2540"]
[BlackElo "2712"]
[TimeControl "180+1"]
[EndTime "11:02:18 PDT"]
[Termination "Megagigahiper3345 won by resignation"]

1. d4 Nf6 2. c4 g6 3. Nc3 Bg7 4. e4 d6 5. Be2 O-O 6. Be3 c6 7.
g4 a6 8. g5 Ne8 9. h4 b5 10. h5 b4 11. Na4 Qa5 12. b3 Bd7 13.
hxg6 fxg6 14. Bg4 Rf7 15. Bxd7 Nxd7 16. Qg4 Nf8 17. O-O-O Rc8 18. Qxc8 1-0

[Event "*** Titled Tuesday Blitz"]
[Site "Chess.com"]
[Date "2020.05.05"]
[Round "6"]
[White "monalize"]
[Black "2008king"]
[Result "1-0"]
[WhiteElo "2354"]
[BlackElo "2070"]
[TimeControl "180+1"]
[EndTime "11:02:22 PDT"]
[Termination "monalize won by resignation"]

1. e4 e5 2. Nf3 Nc6 3. Bb5 a6 4.
Bxc6 dxc6 5. O-O Bd6 6. d4 exd4 7. Qxd4 f6 8. Be3 Ne7 9. Nbd2 Be6 10. Rad1 Qd7 11. b3 O-O-O 12. Qa7 Qe8 13. e5 fxe5 14. Ne4 Ng6 15. Nc5 1-0

[Event "*** Titled Tuesday Blitz"]
[Site "Chess.com"]
[Date "2020.05.05"]
[Round "6"]
[White "Anuar_Is"]
[Black "evgenyermolaev"]
[Result "0-1"]
[WhiteElo "2761"]
[BlackElo "2613"]
[TimeControl "180+1"]
[EndTime "11:02:24 PDT"]
[Termination "evgenyermolaev won by resignation"]

1. e4 c5 2. Nf3 d6 3. d4 cxd4 4. Nxd4 Nf6 5. Nc3 a6 6. Bg5 e6 7.
f4 h6 8. Bh4 Be7 9. Qf3 Nbd7 10.
O-O-O Qc7 11. a3 g5 12. fxg5 Ne5 13. Qf4 Ng6 14. Qf2 Ng4 15. Qe1 Nxh4 16. Qxh4 Bxg5+ 0-1

[Event "*** Titled Tuesday Blitz"]
[Site "Chess.com"]
[Date "2020.05.05"]
[Round "6"]
[White "Khamrakulov_Djurabek"]
[Black "pedromartinez91"]
[Result "1-0"]
[WhiteElo "2808"]
[BlackElo "2523"]
[TimeControl "180+1"]
[EndTime "11:02:25 PDT"]
[Termination "Khamrakulov_Djurabek won by resignation"]

1. e4 e6 2. d4 d5 3. Nd2 Nf6 4. e5 Nfd7 5. Bd3 c5 6. c3 Nc6 7.
Ne2 cxd4 8. cxd4 f6 9. Nf4 Nxd4 10. Qh5+ Ke7 11. Ng6+ hxg6 12. exf6+ Kxf6 13. Qxh8 Nc5 14. Qh4+ g5 15. Qxd4+ e5 16. Qe3 d4 1-0

[Event "*** Titled Tuesday Blitz"]
[Site "Chess.com"]
[Date "2020.05.05"]
[Round "6"]
[White "tgpgoat"]
[Black "Kimster98"]
[Result "1/2-1/2"]
[WhiteElo "2107"]
[BlackElo "2526"]
[TimeControl "180+1"]
[EndTime "11:02:52 PDT"]
[Termination "Game drawn by repetition"]

1. e4 c5 2. Nf3 e6 3. d4 cxd4 4. Nxd4 Nf6 5. Nc3 Nc6 6. Be3 Bb4 7. Bd3 d5 8. exd5 Nxd5 9. Nxc6 bxc6 10. Bd2 Qa5 11. Nxd5 Bxd2+ 12. Qxd2 Qxd2+ 13. Kxd2 cxd5 14. Rhe1 O-O 15. Rad1 a5 16. a4 Ba6 17. b3 Rfc8 18.
Re3 Rc5 19. Bxa6 Rxa6 20. Rc3 Rac6 21. Rxc5 Rxc5 22. Re1 Kf8 23. c3 Ke7 24. b4 Rc4 25. Rb1 d4 26. cxd4 axb4 27. Kd3 Rc3+ 28. Kd2 Rc4 29. Kd3 Rc3+ 30. Kd2 Rc4 1/2-1/2

[Event "*** Titled Tuesday Blitz"]
[Site "Chess.com"]
[Date "2020.05.05"]
[Round "6"]
[White "anon219"]
[Black "bait_or_mate"]
[Result "0-1"]
[WhiteElo "2748"]
[BlackElo "2535"]
[TimeControl "180+1"]
[EndTime "11:02:56 PDT"]
[Termination "bait_or_mate won by resignation"]

1. e4 c5 2. Nf3 e6 3. b3 a6 4. c4 Nc6 5. Bb2 Qc7 6. d4 cxd4 7. Nxd4 Bb4+ 8. Nc3 Nf6 9. g3 Nxe4 10. Qd3 Qe5 11. Nxc6 bxc6 12. f4 Bxc3+ 13. Ke2 Qh5+ 0-1

[Event "*** Titled Tuesday Blitz"]
[Site "Chess.com"]
[Date "2020.05.05"]
[Round "6"]
[White "Evgeny81"]
[Black "Grandmaster2B"]
[Result "1-0"]
[WhiteElo "2673"]
[BlackElo "2477"]
[TimeControl "180+1"]
[EndTime "11:03:02 PDT"]
[Termination "Evgeny81 won by resignation"]

1. d4 Nf6 2. c4 e6 3. Nc3 Bb4 4. e3 b6 5. Bd3 O-O 6. Nf3 c5 7. O-O Bb7 8. Na4 cxd4 9. exd4 Be7 10. Bf4 d5 11. c5 Nbd7 12. b4 a6 13. Ne5 Nxe5 14. Bxe5 Nd7 15. cxb6 Nxe5 16. dxe5 Bxb4 17. Bxh7+ Kh8 1-0

[Event "*** Titled Tuesday Blitz"]
[Site "Chess.com"]
[Date "2020.05.05"]
[Round "6"]
[White "wanyaland"]
[Black "GianmarcoVaR"]
[Result "1-0"]
[WhiteElo "2339"]
[BlackElo "2533"]
[TimeControl "180+1"]
[EndTime "11:03:03 PDT"]
[Termination "wanyaland won by resignation"]

1. d4 Nf6 2. c4 e6 3. Nf3 Bb4+ 4. Bd2 c5 5. dxc5 Bxc5 6. e3 Nc6 7. Be2 O-O 8. O-O d5 9. a3 a6 10. Nc3 Ba7 11. Rc1 dxc4 12. Bxc4 Qe7 13. Qe2 1-0

[Event "*** Titled Tuesday Blitz"]
[Site "Chess.com"]
[Date "2020.05.05"]
[Round "6"]
[White "Stronger1799"]
[Black "Enriquack"]
[Result "1-0"]
[WhiteElo "2218"]
[BlackElo "2257"]
[TimeControl "180+1"]
[EndTime "11:03:13 PDT"]
[Termination "Stronger1799 won by resignation"]

1. e4 c5 2. Nf3 e6 3. d4 cxd4 4. Nxd4 Nc6 5. Nc3 Qc7 6. Be3 a6 7. f3 b5 8. Qd2 Nf6 9. O-O-O Be7 10. g4 Nxd4 11. Bxd4 b4 12. Ne2 Rb8 13. g5 Nh5 14. Ng3 Nf4 15. Bxg7 Bxg5 16. Kb1 Rg8 17. Qd4 d6 18. e5 d5 19. h4 Rxg7 20. hxg5 1-0

[Event "*** Titled Tuesday Blitz"]
[Site "Chess.com"]
[Date "2020.05.05"]
[Round "6"]
[White "Funkmaus"]
[Black "TheFireChess"]
[Result "0-1"]
[WhiteElo "2213"]
[BlackElo "2437"]
[TimeControl "180+1"]
[EndTime "11:03:16 PDT"]
[Termination "TheFireChess won by resignation"]

1. d4 f5 2. Nf3 Nf6 3. Bg5 Ne4 4. Bf4 d6 5. Nbd2 Nf6 6. e3 g6 7. c3 Bg7 8. h4 O-O 9. Be2 c6 10. Qb3+ e6 11. Nc4 Ne4 12. Ng5 d5 13. Nd6 Nxd6 0-1

[Event "*** Titled Tuesday Blitz"]
[Site "Chess.com"]
[Date "2020.05.05"]
[Round "6"]
[White "JozefKneht"]
[Black "farzadbfd"]
[Result "0-1"]
[WhiteElo "2471"]
[BlackElo "2654"]
[TimeControl "180+1"]
[EndTime "11:03:21 PDT"]
[Termination "farzadbfd won by resignation"]

1. e4 e5 2. Nf3 Nc6 3. Bb5 a6 4. Ba4 Nf6 5. O-O b5 6. Bb3 Bc5 7. c3 d6 8. d4 Bb6 9. a4 Bb7 10. Re1 h6 11. axb5 axb5 12. Rxa8 Bxa8 13. Na3 exd4 14. cxd4 O-O 15. Nxb5 Re8 16. Nc3 Na5 17. Bc2 c5 18. d5 Nc4 19. Qd3 Ne5 20. Nxe5 Rxe5 21.
f4 c4+ 0-1

[Event "*** Titled Tuesday Blitz"]
[Site "Chess.com"]
[Date "2020.05.05"]
[Round "6"]
[White "Bigfish1995"]
[Black "saraswathii"]
[Result "1-0"]
[WhiteElo "3086"]
[BlackElo "2328"]
[TimeControl "180+1"]
[EndTime "11:03:30 PDT"]
[Termination "Bigfish1995 won by resignation"]

1. d4 Nf6 2. c4 d6 3. Nc3 g6 4. e4 Bg7 5. Be2 O-O 6. g4 e5 7. d5 a6 8. h4 b5 9. g5 Nfd7 10. h5 bxc4 11. hxg6 hxg6 12. Bxc4 Nb6 13. Bb3 f6 14. Nf3 Bg4 15. Qd3 Bxf3 16. Qxf3 fxg5 17. Qh3 Qf6 18. Be3 N8d7 19. O-O-O a5 20. Rdg1 a4 21. Bd1 Nc5 22. Bg4 Rfe8 23. Kb1 Nc4 24. Bxc5 dxc5 25. Be6+ Kf8 26. Qd3 Nd6 27. Rg3 Ke7 28. Rf3 c4 29. Qe2 1-0

[Event "*** Titled Tuesday Blitz"]
[Site "Chess.com"]
[Date "2020.05.05"]
[Round "6"]
[White "Leonid_Starozhilov"]
[Black "Superfelix"]
[Result "1-0"]
[WhiteElo "2643"]
[BlackElo "2468"]
[TimeControl "180+1"]
[EndTime "11:03:33 PDT"]
[Termination "Leonid_Starozhilov won by resignation"]

1. e4 c6 2. d3 g6 3. Nd2 Bg7 4. Ngf3 h5 5. c3 d5 6. d4 dxe4 7. Nxe4 Nf6 8. Bd3 O-O 9. O-O a5 10. Re1 Nbd7 11. Bg5 a4 12. Qc2 Qa5 13. h3 Nb6 14.
Nc5 Nbd5 15. Bxg6 fxg6 16. Qxg6 Qd8 17. Bh6 Ne8 18. Ng5 Ndf6 19. Nce6 Bxe6 20. Nxe6 Qd5 21. Bxg7 Rf7 22. Bxf6+ 1-0

[Event "*** Titled Tuesday Blitz"]
[Site "Chess.com"]
[Date "2020.05.05"]
[Round "6"]
[White "M1711"]
[Black "Barbus89"]
[Result "0-1"]
[WhiteElo "2513"]
[BlackElo "2353"]
[TimeControl "180+1"]
[EndTime "11:03:54 PDT"]
[Termination "Barbus89 won by resignation"]

1. d4 Nf6 2. c4 e6 3. Nf3 Bb4+ 4. Bd2 Qe7 5. g3 O-O 6. Bg2 Bxd2+ 7. Qxd2 d6 8. Nc3 e5 9. O-O Re8 10. e4 c5 11. dxe5 dxe5 12. Nd5 Qd8 13. Rad1 Bg4 14. Qe3 b6 15. h3 Bxf3 16. Bxf3 Nc6 17. b4 Nd4 18. Bg2 Nxd5 19. exd5 cxb4 20. Qd2 Qd6 21. Rfe1 f6 22. h4 a5 23. Bh3 Nf3+ 0-1

[Event "*** Titled Tuesday Blitz"]
[Site "Chess.com"]
[Date "2020.05.05"]
[Round "6"]
[White "DFeco"]
[Black "IriBu"]
[Result "0-1"]
[WhiteElo "2214"]
[BlackElo "2444"]
[TimeControl "180+1"]
[EndTime "11:03:55 PDT"]
[Termination "IriBu won by resignation"]

1. c4 e5 2. g3 Nf6 3. Bg2 Nc6 4. Nc3 Bc5 5. e3 d5 6. Nxd5 Nxd5 7. cxd5 Nb4 8. d4 exd4 9. exd4 Be7 10. Ne2 Nxd5 11. O-O O-O 12. Nc3 Nf6 13. Be3 c6 14. d5 c5 15. Bf4 Bd6 16. Bxd6 Qxd6 17. Nb5 Qb6 18. Qd3 Bg4 19. Rfe1 Rad8 20. Nc3 Qd6 21. Nb5 Qb8 22.
Re7 a6 23. Nc3 b5 24. Rae1 Qd6 25. Ne4 Qxe7 26. d6 Qe5 27. Nxf6+ Qxf6 28. d7 Rxd7 0-1

[Event "*** Titled Tuesday Blitz"]
[Site "Chess.com"]
[Date "2020.05.05"]
[Round "6"]
[White "warmoatmeal"]
[Black "827883"]
[Result "0-1"]
[WhiteElo "2031"]
[BlackElo "2221"]
[TimeControl "180+1"]
[EndTime "11:03:56 PDT"]
[Termination "827883 won by resignation"]

1. Nf3 d5 2. b3 Nf6 3. Bb2 c5 4. e3 e6 5. c4 Be7 6. cxd5 exd5 7. Be2 O-O 8. O-O Nc6 9. d4 Bf5 10. Nbd2 Re8 11. a3 Rc8 12. dxc5 Bxc5 13. b4 Bb6 14. Nb3 Ne4 15. Rc1 Bg6 16. Nfd4 Qe7 17. Bf3 Ne5 18. Be2 Nc4 19. Rc2 Nxb2 20. Rxb2 Nc3 21. Bd3 Nxd1 0-1

[Event "*** Titled Tuesday Blitz"]
[Site "Chess.com"]
[Date "2020.05.05"]
[Round "6"]
[White "SamuelGhimpu2003"]
[Black "BilodeauA"]
[Result "0-1"]
[WhiteElo "2681"]
[BlackElo "2903"]
[TimeControl "180+1"]
[EndTime "11:03:59 PDT"]
[Termination "BilodeauA won by resignation"]

1. Nf3 d5 2. b3 c5 3. Bb2 f6 4. d3 e5 5. e4 dxe4 6. dxe4 Qxd1+ 7. Kxd1 Nc6 8. Bc4 Nh6 9. Ke2 Nf7 10. Bd5 Nb4 11. c4 Nxd5 12. cxd5 b6 13. Nbd2 Nd6 14.
Nc4 Nxe4 15. Rhd1 Nd6 16. Nxd6+ Bxd6 17. Nd2 Ba6+ 18. Nc4 Kd7 19. g4 h5 20. h3 hxg4 21. hxg4 Rh4 22. Kf3 Rah8 23. Ne3 Rh3+ 24. Ke4 g6 25.
Rg1 R8h4 0-1

[Event "*** Titled Tuesday Blitz"]
[Site "Chess.com"]
[Date "2020.05.05"]
[Round "6"]
[White "2165149677570"]
[Black "NotFischer"]
[Result "0-1"]
[WhiteElo "2296"]
[BlackElo "2164"]
[TimeControl "180+1"]
[EndTime "11:04:04 PDT"]
[Termination "NotFischer won by resignation"]

1. e4 c5 2. Nf3 e6 3. d4 cxd4 4. Nxd4 a6 5. Bd3 Nc6 6. Nxc6 bxc6 7. O-O d5 8. Nc3 Nf6 9. Qf3 Bb7 10. Qg3 h6 11. Bf4 Nh5 12. Qf3 Nxf4 13. Qxf4 Be7 14.
exd5 cxd5 15. Rab1 O-O 16. b4 Bf6 17. Na4 Bc6 18.
Nc5 Bb5 19. c4 Bxc4 20. Bxc4 dxc4 21. Qxc4 Qc7 22. Rfd1 Rfc8 23. Qe4 a5 24. Rd7 Qc6 25.
Rd8+ Bxd8 0-1

[Event "*** Titled Tuesday Blitz"]
[Site "Chess.com"]
[Date "2020.05.05"]
[Round "6"]
[White "WinstonSilvakov"]
[Black "shnitez"]
[Result "0-1"]
[WhiteElo "2180"]
[BlackElo "2489"]
[TimeControl "180+1"]
[EndTime "11:04:04 PDT"]
[Termination "shnitez won by resignation"]

1. d4 Nf6 2. e3 g6 3. h4 c5 4. h5 Nxh5 5. Rxh5 gxh5 6. Qxh5 cxd4 7.
exd4 d5 8. Nf3 Nc6 9. Ng5 Qb6 10. Qxf7+ Kd8 11. Qxd5+ Bd7 12. Nf7+ Kc8 13. Nxh8 Nxd4 14.
Be3 Nxc2+ 15. Kd2 Nxe3 16. fxe3 Qxb2+ 17. Kd3 Bb5+ 18. Ke4 Bc6 0-1

[Event "*** Titled Tuesday Blitz"]
[Site "Chess.com"]
[Date "2020.05.05"]
[Round "6"]
[White "Oligan22"]
[Black "korbul"]
[Result "1-0"]
[WhiteElo "2362"]
[BlackElo "2534"]
[TimeControl "180+1"]
[EndTime "11:04:07 PDT"]
[Termination "Oligan22 won by resignation"]

1. e4 c5 2. Nf3 e6 3. d4 cxd4 4. Nxd4 a6 5. Nc3 Qc7 6. Bd3 Nf6 7. Qe2 d6 8. f4 g6 9. O-O Nbd7 10. f5 gxf5 11.
exf5 e5 12. Ne6 fxe6 13. fxe6 Be7 14. exd7+ Bxd7 15. Rxf6 Bxf6 16. Nd5 Qc5+ 17. Ne3 O-O-O 18. Kh1 Bc6 19. c3 Rhg8 20. Bd2 Kb8 21. b4 Qb6 22. a4 Bg5 23. Rg1 Bf4 24. b5 axb5 25. axb5 Bd7 26. Nd5 Qxg1+ 27. Kxg1 Rxg2+ 28. Qxg2 1-0

[Event "*** Titled Tuesday Blitz"]
[Site "Chess.com"]
[Date "2020.05.05"]
[Round "6"]
[White "Kostya26"]
[Black "francyIM"]
[Result "0-1"]
[WhiteElo "2435"]
[BlackElo "2638"]
[TimeControl "180+1"]
[EndTime "11:04:09 PDT"]
[Termination "francyIM won by resignation"]

1. d4 Nf6 2. Nf3 e6 3. Bf4 c5 4. e3 b6 5. Nbd2 Bb7 6. c3 Be7 7. Bd3 O-O 8. Qe2 cxd4 9. exd4 d6 10. h3 a6 11. O-O Nbd7 12. Rfe1 Re8 13. Bh2 Nf8 14.
Rad1 Ng6 15. Ne4 b5 16. Neg5 Bf8 17. Ne4 Nd5 18. Qd2 Rc8 19. Ra1 Qd7 20. a4 f5 21.
Ng3 Ndf4 22. axb5 axb5 23. Qd1 Nxg2 24. Kxg2 Nh4+ 25. Kf1 Nxf3 26. Bg1 Nxe1 27. Qxe1 Qc6 0-1

[Event "*** Titled Tuesday Blitz"]
[Site "Chess.com"]
[Date "2020.05.05"]
[Round "6"]
[White "thedjoker98"]
[Black "DLR7"]
[Result "0-1"]
[WhiteElo "2497"]
[BlackElo "2725"]
[TimeControl "180+1"]
[EndTime "11:04:18 PDT"]
[Termination "DLR7 won by resignation"]

1. d4 Nf6 2. c4 e6 3. Nc3 Bb4 4. g3 d5 5. Nf3 O-O 6. Bg2 dxc4 7. O-O Nc6 8. Qa4 Nd5 9. Qc2 Be7 10. e4 Ndb4 11.
Qe2 Nxd4 12. Nxd4 Qxd4 13. Rd1 Nd3 14. Be3 Qe5 15. f4 Qa5 16. Bd2 Bc5+ 17. Kf1 Nxb2 18. Nd5 Qa4 19. Nf6+ gxf6 20. Bc3 e5 21. Bxb2 Be6 22.
fxe5 c3 23. exf6 Bc4 24. Rd3 Bxd3 25. Qxd3 cxb2 26. Rb1 Qa6 0-1

[Event "*** Titled Tuesday Blitz"]
[Site "Chess.com"]
[Date "2020.05.05"]
[Round "6"]
[White "DonPreuss"]
[Black "Jadeit90"]
[Result "0-1"]
[WhiteElo "2179"]
[BlackElo "2385"]
[TimeControl "180+1"]
[EndTime "11:04:31 PDT"]
[Termination "Jadeit90 won by resignation"]

1. d4 g6 2. e4 Bg7 3. Nc3 c5 4. d5 d6 5. f4 Nf6 6. Nf3 O-O 7. Be2 e6 8. dxe6 Bxe6 9. O-O Nc6 10. Ng5 d5 11.
Nxe6 fxe6 12. e5 Nd7 13. Bg4 Qe7 14. Qf3 Ndxe5 15. Qh3 Nxg4 16. Qxg4 Nd4 17. Bd2 Nxc2 18. Rac1 Nd4 19. Rfe1 Qf7 20. Ne2 Rae8 21. Bc3 Nxe2+ 22.
Rxe2 Bxc3 23. Rxc3 b6 24. g3 e5 25. Rf3 e4 26. Rf1 d4 27. h4 Qf5 28. Qg5 Qxg5 29.
hxg5 e3 30. Rh2 d3 0-1

[Event "*** Titled Tuesday Blitz"]
[Site "Chess.com"]
[Date "2020.05.05"]
[Round "6"]
[White "Poghosyan_Suren"]
[Black "BaMBoMaTTo"]
[Result "0-1"]
[WhiteElo "2477"]
[BlackElo "2671"]
[TimeControl "180+1"]
[EndTime "11:04:34 PDT"]
[Termination "BaMBoMaTTo won by resignation"]

1. Nf3 Nf6 2. c4 e6 3. g3 d5 4. Bg2 dxc4 5. Qa4+ Bd7 6. Qxc4 c5 7. Ne5 Nc6 8. Nxc6 Bxc6 9. Bxc6+ bxc6 10. O-O Be7 11.
d3 Qd5 12. Qc2 h5 13. Nc3 Qf5 14. h4 Qh3 15. Qa4 Rc8 16. Qa6 O-O 17. f3 Qxg3+ 18. Kh1 Bd6 0-1

[Event "*** Titled Tuesday Blitz"]
[Site "Chess.com"]
[Date "2020.05.05"]
[Round "6"]
[White "rasmussvane"]
[Black "SCIM"]
[Result "1-0"]
[WhiteElo "2859"]
[BlackElo "2526"]
[TimeControl "180+1"]
[EndTime "11:04:36 PDT"]
[Termination "rasmussvane won by resignation"]

1. Nf3 Nf6 2. c4 c5 3. Nc3 d5 4.
cxd5 Nxd5 5. g3 Nc6 6. Bg2 g6 7.
Ne4 b6 8. d4 cxd4 9. Nxd4 Bb7 10. Nxc6 Bxc6 11. Qd4 f6 12. O-O Bg7 13. Rd1 O-O 14.
Nc3 Nxc3 15. Qc4+ Nd5 16. Qxc6 1-0

[Event "*** Titled Tuesday Blitz"]
[Site "Chess.com"]
[Date "2020.05.05"]
[Round "6"]
[White "Saloni1299"]
[Black "yandry1996"]
[Result "1-0"]
[WhiteElo "2335"]
[BlackElo "2163"]
[TimeControl "180+1"]
[EndTime "11:04:36 PDT"]
[Termination "Saloni1299 won by resignation"]

1. e4 c5 2. Nf3 g6 3. d4 cxd4 4. Nxd4 Nc6 5. Nc3 Bg7 6. Be3 Nf6 7. Bc4 O-O 8. Bb3 a5 9. a4 Nb4 10. O-O d5 11. e5 Ng4 12. Bf4 Nxe5 13. Ndb5 e6 14.
Re1 Nec6 15. Nc7 Bd7 16. Nxa8 Qxa8 17. Rb1 Qd8 18. Nb5 Qf6 19. Bg3 Nd4 20. Nxd4 Qxd4 21. Qxd4 Bxd4 22. c3 Bxf2+ 23. Bxf2 Nd3 24. Red1 1-0